 Dungeon Crawl Stone Soup version 0.20.0-14-g326068f (webtiles) character file.

70 Jareth the Shield-Bearer (level 4, -2/44 HPs)
             Began as a Troll Fighter on June 8, 2017.
             Slain by a gnoll
             ... wielding a +0 halberd
              (20 damage)
             ... on level 2 of the Dungeon.
             The game lasted 00:07:48 (1220 turns).

Jareth the Shield-Bearer (Troll Fighter)            Turns: 1220, Time: 00:07:49

Health: -2/44      AC:  5    Str: 24    XL:     4   Next: 4%
Magic:  3/3        EV:  8    Int:  4    God:
Gold:   119        SH:  8    Dex: 10    Spells: 3/3 levels left

rFire    . . .     SeeInvis .   h - +2 dagger (drain)
rCold    . . .     Gourm    +   c - +0 shield
rNeg     . . .     Faith    .   b - +0 robe
rPois    .         Spirit   .   (helmet restricted)
rElec    .         Reflect  .   (no cloak)
rCorr    .         Harm     .   (gloves unavailable)
MR       .....                  (boots unavailable)
Stlth    +.........             (no amulet)
Regen    0.6/turn               (no ring)
MPRegen  0.1/turn               (no ring)

@: drained
A: unfitting armour, claws 3, fast metabolism 3, gourmand, regeneration 1,
shaggy fur 1, tough skin 2
a: no special abilities


You were on level 2 of the Dungeon.
You were very full.

You visited 1 branch of the dungeon, and saw 2 of its levels.

You collected 119 gold pieces.

Inventory:

Hand Weapons
 a - a +0 long sword
 h - a +2 dagger of draining (weapon)
 n - a +0 spear
Armour
 b - a +0 robe (worn)
 c - a +0 shield (worn)
Scrolls
 e - a scroll of magic mapping {unknown}
 k - a scroll of remove curse
 p - a scroll of identify
 q - a scroll of enchant armour {unknown}
Potions
 d - a potion of might
 g - a potion of agility
 i - a potion of brilliance {unknown}
 l - a potion of lignification {unknown}
 m - a potion of flight {unknown}
 o - a potion of heal wounds {unknown}
 r - a potion of curing {unknown}
Comestibles
 f - 3 bread rations
 j - a royal jelly


   Skills:
 + Level 2.8(2.5) Fighting
 + Level 0.8(1.0) Short Blades
 + Level 1.7(1.5) Long Blades
 + Level 2.9(2.6) Dodging
 + Level 2.9(2.6) Shields


You had 3 spell levels left.
You didn't know any spells.

Dungeon Overview and Level Annotations

Branches:
Dungeon (2/15)

Altars:


Innate Abilities, Weirdness & Mutations

You are too large for most types of armour.
You have claws for hands.
Your metabolism is lightning-fast.
You like to eat raw meat.
Your natural rate of healing is unusually fast.
You are covered in fur. (AC +1)
You have very tough skin. (AC +2)


Message History

You hit the gnoll. You drain the gnoll!
The gnoll is moderately wounded.
The gnoll hits you from afar with a halberd!
The gnoll barely misses you.
You closely miss the gnoll.
The gnoll hits you from afar with a halberd.
You block the gnoll's attack. x2
You hit the gnoll.
The gnoll is moderately wounded.
The gnoll hits you from afar with a halberd!
The gnoll hits you but does no damage. x2
You hit the gnoll.
The gnoll is moderately wounded.
The gnoll closely misses you. The gnoll barely misses you. x2
You hit the gnoll but do no damage. You drain the gnoll!
The gnoll is heavily wounded.
You block the gnoll's attack.
The gnoll hits you from afar with a halberd.
The gnoll hits you from afar with a halberd!!
You die...

....# #.# #.##.# #.#..
....###....... #.##.# #.##.
##...##....... #.##.# #.##.
##.#.##......## #.##.# #.##.
............g.# #.##.# #.
.####.#.......#.#.##.# #. .#
#.#........ #..#.###### #. .#
#........#####.#.#..... #. .#
#..ggg@.......########. .#
#...g......#........... '#####
########.####.######### .....#
....................
.....#############.####.#######
..............# #.# #.#
..............# #.# #.#
..............+ ..# #.#
..............# ### #.#


You could see 4 gnolls.

Vanquished Creatures
  2 gnolls
  2 adders (D:2)
  2 dart slugs
  A leopard gecko (D:2)
  2 giant cockroaches (D:1)
  2 hobgoblins (D:1)
  2 bats
  3 frilled lizards (D:1)
  5 goblins
  4 kobolds
  7 rats
32 creatures vanquished.

Notes
Turn   | Place    | Note
-------+----------+-------------------------------------------
     0 | D:1      | Jareth the Troll Fighter began the quest for the Orb.
     0 | D:1      | Reached XP level 1. HP: 22/22 MP: 0/0
   261 | D:1      | Reached XP level 2. HP: 29/29 MP: 1/1
   714 | D:1      | Reached XP level 3. HP: 36/36 MP: 2/2
  1212 | D:2      | Reached XP level 4. HP: 41/44 MP: 3/3
  1220 | D:2      | Slain by a gnoll

Action                   |  1- 3 |  4- 6 || total
-------------------------+-------+-------++-------
Melee: Long sword        |    35 |       ||    35
       Dagger            |    95 |     5 ||   100
  Use: Scroll            |     6 |       ||     6
  Eat: Chunk             |    16 |       ||    16
Armor: Robe              |    35 |     2 ||    37
Dodge: Dodged            |    38 |     7 ||    45
Block: Shield            |    50 |     3 ||    53
       Rpst.: Long sword |     4 |       ||     4
